 Dungeon Crawl Stone Soup version 0.26.1-11-gd32895ea62 (webtiles) character file.

Game seed: 4720386999093512226

35 TheBilb the Ruffian (level 3, -3/31 HPs)
             Began as a Ghoul Monk on June 28, 2021.
             Slain by a hobgoblin
             ... wielding a +0 club
              (4 damage)
             ... on level 3 of the Dungeon.
             The game lasted 00:09:08 (668 turns).

TheBilb the Ruffian (Ghoul Monk)                     Turns: 668, Time: 00:09:08

Health: -3/31      AC:  2    Str: 15    XL:     3   Next: 35%
Magic:  2/2        EV: 13    Int:  5    God:
Gold:   36         SH:  0    Dex: 11    Spells: 2/2 levels left

rFire    . . .     SeeInvis .     - Unarmed
rCold    + . .     Faith    .   (no shield)
rNeg     + + +     Spirit   .   a - +0 robe
rPois    ∞         Reflect  .   (no helmet)
rElec    .         Harm     .   (no cloak)
rCorr    .         Rampage  .   (no gloves)
Will     .....                  (no boots)
Stlth    ++........             (no amulet)
HPRegen  0.00/turn              (no ring)
MPRegen  0.08/turn              (no ring)

@: no status effects
A: claws 1, cold resistance 1, negative energy resistance 3, inhibited
regeneration, torment resistance, unbreathing
a: no special abilities


You were on level 3 of the Dungeon.
You visited 1 branch of the dungeon, and saw 3 of its levels.

You collected 36 gold pieces.

Inventory:

Hand Weapons
 c - a +0 club
 f - a +0 club
Missiles
 g - 22 stones (quivered)
Armour
 a - a +0 robe (worn)
 j - a +0 ring mail
 k - a +0 pair of boots
 l - a +0 leather armour
Jewellery
 e - an uncursed ring of magical power {unknown}
Scrolls
 d - a scroll of magic mapping {unknown}
 i - a scroll of remove curse {unknown}
Potions
 b - a potion of heal wounds {unknown}
 h - a potion of ambrosia {unknown}
 m - a potion of curing


   Skills:
 + Level 3.5 Fighting
 + Level 3.2 Dodging
 + Level 2.4 Stealth
 + Level 3.9 Unarmed Combat


You had 2 spell levels left.
You didn't know any spells.
Your spell library was empty.

Dungeon Overview and Level Annotations

Branches:
Dungeon (3/15)

Altars:


Innate Abilities, Weirdness & Mutations

You thrive by killing the living.
You are immune to poison.
You have sharp fingernails.
Your flesh is cold resistant. (rC+)
You are immune to negative energy. (rN+++)
You do not regenerate when monsters are visible.
You are immune to unholy pain and torment.
You can survive without breathing.


Message History

You scratch the rat.
You kill the rat!
You barely miss the orc. The orc hits you with a +0 club.
You closely miss the orc. The orc hits you with a +0 club.
You closely miss the orc. The orc hits you with a +0 club.
* * * LOW HITPOINT WARNING * * *
You barely miss the orc. You claw the orc.
The orc is heavily wounded.
The orc hits you with a +0 club.
* * * LOW HITPOINT WARNING * * *
You closely miss the orc.
The orc is heavily wounded.
The orc hits you with a +0 club.
* * * LOW HITPOINT WARNING * * *
You claw the orc!
You kill the orc!
You claw the orc!
You kill the orc!
The hobgoblin hits you with a +0 club.
You die...

#.#.# #.#'#####
#.......# #.......#
#.......#
..#'############ .
###............# ...
############.####...#
......†.†..@go...#
##......#.###.#..#
#...#......# # #..
####.#.# #. #.#.# #
#.# # #.# #.#


You could see an orc and a hobgoblin.

Vanquished Creatures
  An adder (D:2)
  6 orcs (D:3)
  A giant cockroach (D:3)
  4 goblins
  A hobgoblin (D:3)
  2 bats (D:2)
  A frilled lizard (D:3)
  2 kobolds
  3 rats (D:3)
21 creatures vanquished.

Notes
Turn   | Place    | Note
-------+----------+-------------------------------------------
     0 | D:1      | TheBilb the Ghoul Monk began the quest for the Orb.
     0 | D:1      | Reached XP level 1. HP: 19/19 MP: 0/0
   290 | D:2      | Reached XP level 2. HP: 8/26 MP: 1/1
   600 | D:3      | Reached XP level 3. HP: 29/31 MP: 2/2
   665 | D:3      | HP: 1/31 [orc/+0 club (1)]
   668 | D:3      | Slain by a hobgoblin

Illustrated notes

Levels and vault maps discovered:
D:1:      dpeg_arrival_leaves_temple_mockup, layout_loops_ring,
          amcnicky_mini_pool_small, glass_columns_a
D:2:      layout_loops_ring, dancing_weapons_uskayaw, moated_statue,
          trog_hazing_becter
D:3:      gammafunk_steamed_eel, layout_basic, lemuel_coloured_pillars_altar

Skill      XL: |  1 |
---------------+----+-----
Dodging        | 3 |  3.2
Fighting       | |  3.5
Stealth        | |  2.4
Unarmed Combat | |  3.9

Action                   || total
-------------------------++-------
Melee: Unarmed           ||    73
       Punch             ||     4
Throw: Stone             ||     3
  Use: Potion            ||     3
Armor: Robe              ||     9
Dodge: Dodged            ||    49
